 Dungeon Crawl Stone Soup version 0.31-a0-175-g9f7f995f2b (webtiles) character file.

Game seed: 1499112545596836379

110 FuzzyBarbErik the Shield-Bearer (level 4, -1/29 HPs)
             Began as a Gargoyle Fighter on June 18, 2023.
             Was an Initiate of Okawaru.
             Slain by a black bear (8 damage)
             ... on level 4 of the Dungeon.
             The game lasted 00:07:21 (2836 turns).

FuzzyBarbErik the Shield-Bearer (Gargoyle Fighter)  Turns: 2836, Time: 00:07:24

Health: -1/29      AC: 11    Str: 21    XL:     4   Next: 91%
Magic:  4/4        EV:  9    Int:  9    God:    Okawaru [......]
Gold:   78         SH:  4    Dex:  9    Spells: 3/3 levels left

rFire   . . .        v - +0 flail
rCold   . . .        c - +0 buckler
rNeg    + . .        e - +0 scale mail
rPois   ∞            (no helmet)
rElec   +            l - +0 cloak
rCorr   .            (no gloves)
SInv    .            (no boots)
Will    .....        i - amulet of regeneration Stlth
                     (no ring)
HPRegen 1.04/turn    (no ring)
MPRegen 0.09/turn

%: no passive effects
@: no status effects
A: sickness immunity, AC +3, negative energy resistance 1, electricity
resistance, torment resistance 1, petrification resistance
a: Renounce Religion


You were on level 4 of the Dungeon.
You worshipped Okawaru.
Okawaru was noncommittal.
You visited 2 branches of the dungeon, and saw 5 of its levels.

You collected 147 gold pieces.
You spent 69 gold pieces at shops.

Inventory:

Hand Weapons
 a - a +0 mace
 b - a +0 whip
 v - a +0 flail (weapon)
Armour
 c - a +0 buckler (worn)
 e - a +0 scale mail (worn)
 l - a +0 cloak (worn)
Jewellery
 i - an amulet of regeneration (around neck)
 y - a ring of fire
Scrolls
 f - a scroll of revelation {unknown}
 h - 2 scrolls of blinking {unknown}
 k - 4 scrolls of identify {unknown}
 p - a scroll of fear {unknown}
 r - 2 scrolls of noise {unknown}
 s - 2 scrolls of summoning {unknown}
 t - 4 scrolls of teleportation {unknown}
 u - 2 scrolls of vulnerability {unknown}
 x - a scroll of torment {unknown}
Potions
 d - a potion of might
 g - 2 potions of heal wounds {unknown}
 j - 2 potions of lignification {unknown}
 m - 2 potions of curing {unknown}
 n - a potion of brilliance {unknown}
 o - a potion of magic {unknown}
 q - a potion of haste {unknown}
 w - a potion of resistance {unknown}
 z - a potion of invisibility {unknown}


   Skills:
 + Level 3.8 Fighting
 + Level 2.9 Maces & Flails
 + Level 3.8 Armour
 + Level 0.6 Dodging
 + Level 4.4 Shields


You had 3 spell levels left.
You didn't know any spells.
Your spell library contained the following spells:

 Spells                   Type           Power      Damage    Failure   Level
 Apportation              Tloc           0%         N/A       78%         1
 Necrotise                Necr           0%         1d4       78%         1
 Blink                    Tloc           0%         N/A       89%         2
 Lesser Beckoning         Tloc           0%         N/A       89%         2
 Momentum Strike          Conj/Tloc      0%         3d8       89%         2
 Dazzling Flash           Conj/Hex       0%         N/A       98%         3
 Gell's Gravitas          Tloc           0%         N/A       98%         3
 Teleport Other           Tloc           0%         N/A       98%         3
 Agony                    Necr           0%         N/A       100%        5
 Silence                  Hex/Air        0%         N/A       100%        5
 Dispersal                Tloc           0%         N/A       100%        6
 Summon Small Mammal      Summ           Unusable   N/A       N/A         1

Dungeon Overview and Level Annotations

Branches:
Dungeon (4/15)             Temple (1/1) D:4

Altars:
Ashenzari
Cheibriados
Dithmenos
Elyvilon
Gozag
Hepliaklqana
Kikubaaqudgha
Makhleb
Nemelex Xobeh
Okawaru
Qazlal
Ru
Trog
Uskayaw
Vehumet
Wu Jian
Xom
Yredelemnul
Zin

Shops:
D:3 (*(


Innate Abilities, Weirdness & Mutations

You are immune to sickness and miasma.
Your stone body is resilient. (AC +3)
You are immune to poison.
You resist negative energy. (rN+)
You are resistant to electric shocks. (rElec)
You are resistant to unholy torment.
You are immune to petrification.


Message History

The black bear claws you but does no damage. x2
You closely miss the black bear.
The black bear is heavily wounded.
The black bear barely misses you.
The black bear claws you but does no damage. x2
You hit the black bear.
The black bear is heavily wounded.
You block the black bear's attack. The black bear claws you.
The black bear claws you but does no damage.
You thump the black bear!
The black bear is severely wounded.
The black bear closely misses you. The black bear claws you. x2
You barely miss the black bear.
The black bear is severely wounded.
The black bear goes berserk!
Unknown command.
You thump the black bear!
The black bear is almost dead.
The black bear bites you but does no damage.
The black bear barely misses you. The black bear closely misses you.
The black bear bites you! The black bear barely misses you.
The black bear claws you but does no damage.
You hit the black bear but do no damage.
The black bear is almost dead.
The black bear bites you.
The black bear claws you but does no damage.
The black bear closely misses you. The black bear bites you.
The black bear claws you but does no damage. x2
You hit the black bear.
The black bear is almost dead.
The black bear bites you but does no damage.
The black bear claws you. x2; The black bear closely misses you.
The black bear claws you. x2
You closely miss the black bear.
The black bear is almost dead.
The black bear barely misses you. The black bear claws you.
* * * LOW HITPOINT WARNING * * *
The black bear claws you but does no damage.
The black bear bites you!
You die...

##........####......
....................
#........####......
######...# #...... ###
##.#.## #...... ....
#.....###...... .....
##.#.#...#......
......###..#.###........
......h@..##...###......
#####.#...#........#....
#....##..>..##......
#..#........#.......
......###...##.+.....
#.#.#....###.#..#.....
#...#.##...#.#..#.....
#####........)..######
#######.#...#


You could see a black bear (berserk).

Vanquished Creatures
  An iguana (D:4)
  An adder (D:2)
  3 dart slugs
  6 bats
  3 endoplasms
  3 giant cockroaches
  9 goblins
  8 hobgoblins
  3 jackals (D:2)
  5 quokkas
  8 ball pythons
  7 frilled lizards
  8 kobolds
  2 rats
67 creatures vanquished.

Notes
Turn   | Place    | Note
-------+----------+-------------------------------------------
     0 | D:1      | FuzzyBarbErik the Gargoyle Fighter began the quest for the
                  | Orb.
     0 | D:1      | Reached XP level 1. HP: 14/14 MP: 1/1
   133 | D:1      | Reached XP level 2. HP: 19/19 MP: 2/2
   398 | D:1      | Reached XP level 3. HP: 23/23 MP: 3/3
   771 | D:2      | Found a faded altar of an unknown god.
  1209 | D:2      | Reached skill level 4 in Shields
  1209 | D:2      | Reached XP level 4. HP: 29/29 MP: 4/4
  1747 | D:3      | Found Bughascho's Assorted Antiques.
  1754 | D:3      | Bought a scroll labelled QAUBINE WIEN for 23 gold pieces
  1754 | D:3      | Bought a scroll labelled GURHAD LOMAE for 23 gold pieces
  1754 | D:3      | Bought a scroll labelled QAUBINE WIEN for 23 gold pieces
  1973 | D:3      | Found Fishruel's Antique Weapon Shoppe.
  2230 | D:3      | Found Kifaemp's Antique Weapon Emporium.
  2532 | D:4      | Found a staircase to the Ecumenical Temple.
  2548 | Temple   | Entered the Ecumenical Temple
  2555 | Temple   | Became a worshipper of Warmaster Okawaru
  2820 | D:4      | Noticed a black bear
  2836 | D:4      | Slain by a black bear

Illustrated notes

Levels and vault maps discovered:
D:1:      wander_arrival_lonely_grave, layout_basic
D:2:      layout_basic, nicolae_ecumenical_pavilion, minivault_5,
          minmay_misc_feat_chi, minmay_puff
D:3:      layout_loops_corners, serial_shops, nicolae_shop_statue_plus, shop,
          shop, minivault_24
D:4:      layout_basic, minmay_temple_entry_slanted
Temple:   nicolae_temple_bog_church

Skill      XL: |  1  2  3 |
---------------+----------+-----
Shields        | 4 |  4.4
Fighting       | |  3.8
Maces & Flails | |  2.9
Armour         | |  3.8
Dodging        | |  0.6

Action                     |  1- 3 |  4- 6 || total
---------------------------+-------+-------++-------
  Melee: Flail             |    18 |    14 ||    32
         Club              |   126 |       ||   126
         Whip              |    69 |    95 ||   164
 Armour: Scale mail        |   116 |    56 ||   172
  Dodge: Dodged            |   111 |    55 ||   166
  Block: Buckler           |    47 |    29 ||    76

Table legend: (Time is in decaauts)
 A = Elapsed time spent in this place.
 B = Non-inter-level travel time spent in this place.
 C = Inter-level travel time spent in this place.
 D = Time resting spent in this place.
 E = Time spent auto-exploring this place.
 F = Levels seen in this place.
 G = Mean time per level.
                   A        B        C        D        E       F      G
               +--------+--------+--------+--------+--------+-----+--------+
         Total |   2885 |   2714 |    171 |      0 |   1922 |   5 |  577.0 |
       Dungeon |   2705 |   2546 |    159 |      0 |   1775 |   4 |  676.2 |
        Temple |    179 |    167 |     12 |      0 |    147 |   1 |  179.0 |
               +--------+--------+--------+--------+--------+-----+--------+

Top non-repeatable levels by time:
     D:2: 972 daAuts
     D:3: 858 daAuts
     D:1: 641 daAuts
     D:4: 233 daAuts
  Temple: 179 daAuts
